 Dungeon Crawl Stone Soup version 0.29.1-13-g9f3cf754e1 (webtiles) character file.

Game seed: 18425325202722355990

416386 Gabide the Devastator (level 21, -16/174 HPs)
             Began as a Demigod Conjurer on Feb 9, 2023.
             Killed from afar by a deep troll earth mage (23 damage)
             ... with a blast of rock fragments
             ... on level 3 of the Depths on Feb 11, 2023.
             The game lasted 03:24:02 (78579 turns).

Gabide the Devastator (Demigod Conjurer)           Turns: 78579, Time: 03:24:04

Health: -16/174    AC: 10    Str: 19    XL:     21   Next: 60%
Magic:  5/58       EV: 17    Int: 48    God:
Gold:   2139       SH:  5    Dex: 12    Spells: 14/55 levels left

rFire   + + +      SeeInvis +   v - staff of conjuration
rCold   + + .      Faith    .   (no shield)
rNeg    + + +      Spirit   .   R - +4 skin of Zhor {*Englaciate rC+++ SInv}
rPois   +          Reflect  +   L - +2 helmet {SInv}
rElec   .          Harm     .   N - +2 cloak of Ewudwix {rN+}
rCorr   .          Rampage  .   d - +2 pair of gloves {Str+3}
Will    ++++.                   n - +2 pair of boots {Fly}
Stlth   +++.......              t - amulet "Pekir" {Reflect rN++ Str+3 SH+5}
HPRegen 0.39/turn               V - ring of the Wild Haggis {rPois rF+++ rC- Will++ Stlth+}
MPRegen 0.36/turn               p - ring "Teqeca" {MP+9 Str+5}

@: corroded, flying, very slightly contaminated
A: high MP 1, forlorn, divine attributes
}: 2/15 runes: decaying, serpentine
a: no special abilities


You were on level 3 of the Depths.
You visited 7 branches of the dungeon, and saw 38 of its levels.
You also visited: Gauntlet.

You collected 5412 gold pieces.
You spent 3273 gold pieces at shops.

Inventory:

Missiles
 l - 3 throwing nets
Armour
 d - a +2 pair of gloves of strength (worn)
 n - a +2 pair of boots of flying (worn)
 L - a +2 helmet of see invisible (worn)
 N - the +2 cloak of Ewudwix (worn) {rN+}
   (You found it in a Gauntlet)

   rN:        It protects you from negative energy.
 R - the +4 skin of Zhor (worn) {*Englaciate rC+++ SInv}
   (You found it on level 4 of the Lair of Beasts)

   It radiates cold, occasionally slowing all nearby creatures who are not
   resistant to cold.
   rC:        It renders you almost immune to cold.
   SInv:      It lets you see invisible.
 U - a +2 cloak of willpower
Magical Staves
 v - a staff of conjuration (weapon)
Jewellery
 j - the ring of the Coward {rElec rPois SInv}
   (You bought it in a shop on level 2 of the Snake Pit)

   [ring of poison resistance]

   rElec:     It insulates you from electricity.
   rPois:     It protects you from poison.
   SInv:      It lets you see invisible.
 m - a +6 ring of intelligence
 p - the ring "Teqeca" (right hand) {MP+9 Str+5}
   (You bought it in a shop on level 2 of the Snake Pit)

   [ring of magical power]

   Str:       It affects your strength (+5).
   MP:        It affects your magic capacity (+9).
 t - the amulet "Pekir" (around neck) {Reflect rN++ Str+3 SH+5}
   (You acquired it on level 2 of the Lair of Beasts)

   [amulet of reflection]

   It reflects blocked missile attacks.
   Str:       It affects your strength (+3).
   rN:        It greatly protects you from negative energy.
   SH:        It affects your SH (+5).
 K - a ring of resist corrosion
 V - the ring of the Wild Haggis (left hand) {rPois rF+++ rC- Will++ Stlth+}
   (You acquired it on level 1 of the Vaults)

   [ring of poison resistance]

   rF:        It renders you almost immune to fire.
   rC:        It makes you vulnerable to cold.
   rPois:     It protects you from poison.
   Will:      It greatly increases your willpower.
   Stlth:     It makes you more stealthy.
 W - the amulet "Riotomoy" {RegenMP SInv}
   (You took it off an orc on level 2 of the Orcish Mines)

   [amulet of magic regeneration]

   It increases your rate of magic regeneration.
   SInv:      It lets you see invisible.
 Y - the amulet "Mecimp" {Reflect Contam rElec Will+ SH+5}
   (You took it off an orc knight on level 2 of the Orcish Mines)

   [amulet of reflection]

   It reflects blocked missile attacks.
   rElec:     It insulates you from electricity.
   Contam:    It causes magical contamination when unequipped.
   SH:        It affects your SH (+5).
   Will:      It increases your willpower.
Wands
 q - a wand of polymorph (12)
 r - a wand of roots (7)
 s - a wand of digging (15)
 w - a wand of paralysis (26)
 E - a wand of mindburst (29)
 M - a wand of quicksilver (27)
Scrolls
 e - a scroll of immolation
 f - 4 scrolls of vulnerability
 h - 7 scrolls of amnesia
 i - 11 scrolls of teleportation
 k - 3 scrolls of torment
 o - 3 scrolls of fear
 A - 3 scrolls of magic mapping
 B - 3 scrolls of brand weapon
 C - 5 scrolls of enchant weapon
 D - a scroll of enchant armour
 I - 2 scrolls of butterflies
 X - a scroll of silence
Potions
 a - 5 potions of berserk rage
 b - 2 potions of magic
 c - 2 potions of attraction
 u - 2 potions of resistance
 x - 9 potions of curing
 y - a potion of haste
 F - 6 potions of cancellation
 G - 10 potions of mutation
 H - 7 potions of lignification
 P - 4 potions of invisibility
 Q - 2 potions of brilliance
 S - 4 potions of might
Miscellaneous
 g - a tin of tremorstones (2/2)
 J - a phial of floods
 T - a lightning rod (4/4)
 Z - a box of beasts (inert)


   Skills:
 - Level 12.0 Fighting
 - Level 12.0 Staves
 - Level 3.0 Armour
 - Level 12.0 Dodging
 - Level 3.0 Stealth
 * Level 17.9 Spellcasting
 * Level 18.4 Conjurations
 * Level 18.4 Earth Magic
 - Level 6.0 Evocations


You had 14 spell levels left.
You knew the following spells:

 Your Spells              Type           Power      Damage    Failure   Level
a - Magic Dart            Conj           100%       1d8       0%          1
b - Searing Ray           Conj           100%       2d8       0%          2
c - Dazzling Flash        Conj/Hex       100%       N/A       1%          3
d - Hailstorm             Conj/Ice       100%       3d20      1%          4
e - Iskenderun's Mystic   Conj/Tloc      100%       2d19      1%          4
f - Fulminant Prism       Conj/Hex       57%        3d25      1%          4
g - Lightning Bolt        Conj/Air       57%        1d80      1%          5
h - Stone Arrow           Conj/Erth      100%       3d13      0%          3
i - Lehudib's Crystal Sp  Conj/Erth      73%        10d16     1%          8
j - Blink                 Tloc           86%        N/A       1%          2
k - Borgnjor's Vile Clut  Necr/Erth      46%        N/A       1%          5

Your spell library contained the following spells:

 Spells                   Type           Power      Damage    Failure   Level
 Foxfire                  Conj/Fire      100%       2x1d9     0%          1
 Shock                    Conj/Air       100%       1d9       0%          1
 Passwall                 Tmut/Erth      76%        N/A       0%          2
 Beastly Appendage        Tmut           86%        N/A       1%          1
 Freeze                   Ice            100%       1d11      1%          1
 Necrotise                Necr           100%       1d9       1%          1
 Slow                     Hex            100%       N/A       1%          1
 Sting                    Tmut/Pois      100%       1d8       1%          1
 Summon Small Mammal      Summ           100%       N/A       1%          1
 Call Imp                 Summ           43%        N/A       1%          2
 Ensorcelled Hibernation  Hex/Ice        86%        N/A       1%          2
 Poisonous Vapours        Pois/Air       86%        N/A       1%          2
 Wereblood                Tmut           43%        N/A       1%          2
 Call Canine Familiar     Summ           43%        N/A       1%          3
 Confusing Touch          Hex            43%        N/A       1%          3
 Conjure Flame            Conj/Fire      100%       6-21      1%          3
 Frozen Ramparts          Ice            86%        1d13      1%          3
 Gell's Gravitas          Tloc           43%        N/A       1%          3
 Ignite Poison            Fire/Tmut/Pois 43%        N/A       1%          3
 Inner Flame              Hex/Fire       43%        N/A       1%          3
 Mephitic Cloud           Conj/Pois/Air  100%       N/A       1%          3
 Portal Projectile        Hex/Tloc       86%        N/A       1%          3
 Spider Form              Tmut/Pois      43%        N/A       1%          3
 Summon Guardian Golem    Hex/Summ       43%        N/A       1%          3
 Swiftness                Air            43%        N/A       1%          3
 Teleport Other           Tloc           43%        N/A       1%          3
 Tukima's Dance           Hex            43%        N/A       1%          3
 Vampiric Draining        Necr           43%        2d9       1%          3
 Animate Armour           Summ/Erth      100%       N/A       1%          4
 Flame Wave               Conj/Fire      100%       2d21      1%          4
 Sticky Flame             Conj/Fire      100%       2d11      1%          4
 Starburst                Conj/Fire      57%        6d15      1%          6
 Airstrike                Air            21%        2d(4-20)  4%          4
 Anguish                  Hex/Necr       21%        N/A       4%          4
 Animate Dead             Necr           43%        N/A       4%          4
 Cause Fear               Hex            21%        N/A       4%          4
 Ice Form                 Ice/Tmut       43%        N/A       4%          4
 Olgreb's Toxic Radiance  Pois           43%        N/A       4%          4
 Passage of Golubria      Tloc           43%        N/A       4%          4
 Summon Ice Beast         Ice/Summ       43%        N/A       4%          4
 Summon Lightning Spire   Summ/Air       43%        N/A       4%          4
 Agony                    Necr           43%        N/A       13%         5
 Alistair's Intoxication  Tmut/Pois      28%        N/A       13%         5
 Blade Hands              Tmut           21%        N/A       13%         5
 Manifold Assault         Tloc           43%        N/A       13%         5
 Silence                  Hex/Air        21%        N/A       13%         5
 Summon Mana Viper        Hex/Summ       43%        N/A       13%         5
 Yara's Violent Unravell  Hex/Tmut       21%        3d10      13%         5
 Shatter                  Erth           60%        3d45*     24%         9
 Dispersal                Tloc           21%        N/A       56%         6
 Eringya's Noxious Bog    Tmut/Pois      21%        N/A       56%         6
 Simulacrum               Ice/Necr       21%        N/A       56%         6
 Dragon Form              Tmut           21%        N/A       98%         7
 Haunt                    Necr/Summ      21%        N/A       98%         7
 Monstrous Menagerie      Summ           21%        N/A       98%         7
 Ozocubu's Refrigeration  Ice            21%        4d12      98%         7
 Storm Form               Tmut/Air       21%        N/A       98%         7
 Borgnjor's Revivificati  Necr           21%        N/A       100%        8
 Disjunction              Tloc           21%        N/A       100%        8
 Ignition                 Fire           21%        3d8       100%        8
 Infestation              Necr           21%        N/A       100%        8
 Necromutation            Tmut/Necr      21%        N/A       100%        8
 Chain Lightning          Conj/Air       57%        3d76      100%        9
 Death's Door             Necr           21%        N/A       100%        9
 Dragon's Call            Summ           21%        N/A       100%        9
 Fire Storm               Conj/Fire      57%        8d15      100%        9


Dungeon Overview and Level Annotations

Branches:
Dungeon (15/15)            Temple (0/1) D:4            Lair (5/5) D:11
  Swamp (4/4) Lair:3        Snake (4/4) Lair:3        Slime (0/5) Lair:5
    Orc (2/2) D:12            Elf (0/3) Orc:2        Vaults (5/5) D:13
  Crypt (0/3) Vaults:2     Depths (3/4) D:15        Gauntlet (visited)

Shops:
D:2 :   D:4 [   D:13 :[   Orc:2 *[(:   Snake:1 :   Snake:2 =   Vaults:1 :[[[
Vaults:3 !==   Vaults:4 (?   Depths:1 ==:

Portals:
Hell: Depths:1 Depths:2 Depths:3
Abyss: Depths:2
Pandemonium: Depths:1 Depths:2
Ziggurat: Depths:1
Trove: D:15 (give +8 demon trident)

Annotations:
D:9 3 runed translucent doors, laros's ghost, novice MiBe
Snake:4 2 transporters, Utsis's ghost, journeyman DsIE


Innate Abilities, Weirdness & Mutations

You have an increased reservoir of magic. (+10% MP)
You shall have no god before yourself.
Your divine heritage dramatically boosts your attributes as you level up.


Message History

The caustic shrike is severely wounded.
The caustic shrike is knocked back by the mystic blast.
The caustic shrike slams into the tree!
The caustic shrike is almost dead.
You hear a shout!
You hear a bark!
The caustic shrike claws you!!
* * * LOW HITPOINT WARNING * * *
You are splashed with acid!
* * * LOW HITPOINT WARNING * * *
A sphinx comes into view.
Unknown command.
Okay, then.
As you read the scroll of fear, it crumbles to dust.
You assume a fearsome visage.
The sphinx looks frightened!
The caustic shrike looks frightened! x2
The caustic shrike resists with almost no effort. x2
The caustic shrike looks frightened!
You block the caustic shrike's attack. The caustic shrike claws you!!
* * * LOW HITPOINT WARNING * * *
You are splashed with acid!
* * * LOW HITPOINT WARNING * * *
Unknown command.
Okay, then.
Blink to where?
Press: ? - help, Dir - move target, p - caustic shrike
Found a scale mail.
Found a stone staircase leading up.
As you read the scroll of blinking, it crumbles to dust.
Found an opulent altar of Gozag.
Your surroundings suddenly seem different.
A storm dragon, a floating eye, a fire dragon and 3 trolls come into view.
Found a stone staircase leading down.
The deep troll shaman shouts!
The deep troll shouts!
The fire dragon roars deafeningly!
The deep troll bites you.
* * * LOW HITPOINT WARNING * * *
The deep troll claws you but does no damage.
You block the deep troll's attack.
The deep troll earth mage casts a spell next to you.
The wall shatters!
The blast of rock fragments hits you!!
You die...

#.......##
#........
T.........#
T#........##
..##.#......
##.#.....
#........
##..T.....
#.@D......
#.DT..>...
#..........
#.GT.......
...........
...........~
.............
..........####


You could see a storm dragon (wandering), a fire dragon, a deep troll, a deep
troll earth mage, a deep troll shaman and a floating eye (wandering).

Vanquished Creatures
  An ancient lich (Depths:1)
  A juggernaut (Depths:3)
  Vashnia (Snake:2)
  2 golden dragons
  A caustic shrike (Depths:2)
  2 hellephants (Depths:2)
  Rupert (Snake:1)
  Asterion (Depths:2)
  A walking crystal tome (Depths:1)
  A walking divine tome (Depths:2)
  3 liches
  A titan (Depths:2)
  A quicksilver dragon (Depths:3)
  Frances (Swamp:1)
  A sphinx (Vaults:4)
  Agnes (D:14)
  7 shadow dragons (Depths:1)
  4 tengu reavers (Depths:2)
  6 nagarajas (Snake:4)
  2 thorn hunters
  A fenstrider witch (Swamp:4)
  3 frost giants
  Louise (Snake:1)
  10 fire giants
  Aizul (Snake:2)
  6 vault wardens
  A caustic shrike zombie (Depths:1)
  6 orc warlords
  3 ghouls (Swamp:4)
  21 ironbound preservers
  A reaper (Depths:1)
  9 stone giants
  2 spriggan defenders (Depths:3)
  5 ironbound thunderhulks
  9 very ugly things
  Nessos (D:14)
  4 eleionomae
  4 entropy weavers
  Azrael (Snake:1)
  A minotaur (Gauntlet)
  5 vampire knights
  3 bunyips
  7 dire elephants
  5 spark wasps
  6 ettins
  A crystal guardian (Vaults:4)
  2 deep elf death magi (Depths:1)
  3 jiangshi (Depths:2)
  3 shambling mangroves
  Snorg (D:13)
  6 fire dragons
  4 great orbs of eyes
  12 yaktaur captains
  6 spriggan air magi
  2 salamander tyrants
  4 rakshasas
  29 vault guards
  25 hydras
  8 boulder beetles
  A peacekeeper (Vaults:4)
  3 ghost crabs
  10 ironbound frosthearts
  6 two-headed ogres
  8 ice dragons
  An ogre mage (D:13)
  10 anacondas
  10 alligators
  9 centaur warriors
  A death knight (D:13)
  13 naga warriors
  2 deep troll shamans (Depths:3)
  11 hell hogs
  A sun demon (Depths:1)
  Urug (Lair:4)
  2 vampire magi
  13 death yaks
  5 tengu warriors
  A deep troll earth mage (Depths:1)
  9 shock serpents
  2 spriggan berserkers (Depths:1)
  A hell knight (Depths:2)
  3 orc high priests
  A soul eater (Depths:1)
  13 naga sharpshooters
  An iron troll (Depths:3)
  5 salamander mystics
  A goliath frog (shapeshifter) (D:13)
  81 deep trolls
  4 goliath frogs
  15 skeletal warriors
  11 swamp dragons
  3 flayed ghosts
  3 glowing orange brains
  6 wizards
  3 spriggan druids
  9 bog bodies
  2 phantasmal warriors
  An orange crystal statue (Vaults:3)
  9 naga ritualists
  A tengu zombie (Depths:1)
  17 lindwurms
  14 orc knights
  3 deep elf pyromancers (D:13)
  15 ironbound convokers
  6 orc sorcerers
  5 harpies (Vaults:1)
  A necromancer (Depths:1)
  21 ugly things
  12 mana vipers
  A wolf spider (D:15)
  6 manticores
  3 will-o-the-wisps
  A stone giant skeleton (Depths:1)
  14 salamanders
  4 cyclopes
  A black mamba (shapeshifter) (D:13)
  A frost giant zombie (Depths:1)
  A fire giant skeleton (Depths:1)
  14 vault sentinels
  4 elephants (Lair:5)
  37 black mambas
  3 guardian serpents
  17 naga magi
  An ice statue (D:12)
  A smoke demon (Depths:1)
  2 molten gargoyles (Lair:5)
  4 gargoyles
  3 torpor snails (Lair:4)
  2 unseen horrors (D:12)
  7 cane toads
  6 rime drakes
  10 komodo dragons
  3 kobold demonologists
  3 efreet (D:13)
  3 freezing wraiths
  21 yaktaurs
  Psyche (D:10)
  4 trolls
  4 meliai
  10 tyrant leeches
  A polar bear (Lair:4)
  2 tarantellas
  8 hornets
  2 wolf spider simulacra (D:15)
  A blink frog (Lair:2)
  2 raiju (Gauntlet)
  22 slime creatures
  A culicivora (Vaults:3)
  A culicivora (shapeshifter) (Vaults:2)
  4 shadows
  The ghost of kalagan the Conjurer, an amateur DECj (D:4)
  4 centaur simulacra
  A spriggan (shapeshifter) (D:13)
  48 yaks
  4 water elementals
  4 wraiths
  A vampire (D:13)
  An ettin skeleton (Depths:1)
  4 spriggans
  3 fire elementals (Snake:1)
  8 basilisks
  3 wyverns
  2 fire bats (Depths:2)
  13 vampire mosquitoes
  A death yak simulacrum (Lair:3)
  3 steam dragons
  4 redbacks
  7 wargs
  51 nagas
  Edmund (D:6)
  A swamp worm (shapeshifter) (D:14)
  19 swamp worms
  3 acid dragons
  A floating eye (Depths:1)
  Duvessa (D:5)
  6 hell hounds
  15 water moccasins
  A hydra simulacrum (Gauntlet)
  10 swamp drakes
  13 ice beasts
  A meliai simulacrum (D:15)
  2 sky beasts (D:6)
  37 orc warriors
  7 ogres
  30 wolves
  5 centaurs
  7 kobold brigands
  3 necrophages
  9 bullfrogs
  A gnoll sergeant (D:9)
  A cane toad simulacrum (Lair:3)
  15 wights
  Dowan (D:5)
  6 killer bees (D:7)
  An elephant simulacrum (Lair:3)
  2 howler monkeys
  8 electric eels
  A gnoll bouda (D:7)
  5 lava snakes (Lair:5)
  2 jellies
  32 orc priests
  6 hounds
  2 iguanas
  Natasha (thrice) (D:4)
  32 orc wizards
  2 lightning spires (Gauntlet)
  2 polar bear simulacra (Lair:3)
  A boggart simulacrum (D:14)
  19 adders
  5 gnolls (D:9)
  2 shadow imps
  5 white imps
  6 worms
  4 dart slugs
  75 orcs
  10 endoplasms
  3 giant cockroaches
  12 goblins
  6 hobgoblins
  2 jackals (D:3)
  17 kobolds
  3 quokkas
  7 ball pythons
  5 bats
  3 frilled lizards
  4 rats
  A spectral hobgoblin (D:1)
  A briar patch (Swamp:3)
  3 fulminant prisms
1534 creatures vanquished.

Vanquished Creatures (others)
  An alligator (Swamp:3)
  A deep elf zephyrmancer (D:13)
  A bloated husk (Swamp:2)
  A tyrant leech (Swamp:2)
  6 foxfires
  61 fulminant prisms
  43 fungi
  26 plants
  14 withered plants (Gauntlet)
154 creatures vanquished.

Grand Total: 1688 creatures vanquished

Notes
Turn   | Place    | Note
-------+----------+-------------------------------------------
     0 | D:1      | Gabide the Demigod Conjurer began the quest for the Orb.
     0 | D:1      | Reached XP level 1. HP: 14/14 MP: 5/5
   365 | D:1      | Reached XP level 2. HP: 22/22 MP: 4/7
  1209 | D:2      | Learned a level 2 spell: Searing Ray
  1246 | D:2      | Found Keazix's Book Shop.
  1561 | D:2      | Reached skill level 1 in Fighting
  1561 | D:2      | Reached XP level 3. HP: 28/28 MP: 2/9
  2665 | D:3      | Reached XP level 4. HP: 35/35 MP: 9/11
  3803 | D:3      | Reached XP level 5. HP: 21/41 MP: 7/13
  4564 | D:4      | Found Dobrynya's Dragon-Slaying Spoils.
  4829 | D:4      | Noticed Natasha
  4839 | D:4      | Killed Natasha
  5037 | D:4      | Found a staircase to the Ecumenical Temple.
  5070 | D:4      | Found a runed translucent door.
  5072 | D:4      | Noticed kalagan's ghost (amateur DECj)
  5075 | D:4      | Reached XP level 6. HP: 48/48 MP: 11/15
  5208 | D:4      | Noticed Natasha
  5216 | D:4      | Killed Natasha
  5393 | D:4      | Noticed Natasha
  5400 | D:4      | Killed Natasha
  5666 | D:4      | Killed kalagan's ghost
  5719 | D:5      | Entered Level 5 of the Dungeon
  5861 | D:5      | Noticed Duvessa
  5864 | D:5      | Noticed Dowan
  5869 | D:5      | Killed Duvessa
  5869 | D:5      | Killed Dowan
  5870 | D:5      | Reached skill level 5 in Spellcasting
  5870 | D:5      | Reached skill level 5 in Conjurations
  5870 | D:5      | Reached XP level 7. HP: 57/57 MP: 12/17
  5949 | D:5      | Reached skill level 1 in Armour
  7219 | D:6      | Reached XP level 8. HP: 63/63 MP: 13/19
  7618 | D:6      | Noticed Edmund
  7628 | D:6      | Killed Edmund
  8399 | D:7      | Reached XP level 9. HP: 41/71 MP: 13/22
  8967 | D:7      | Learned a level 3 spell: Dazzling Flash
 10508 | D:8      | Reached skill level 5 in Dodging
 10681 | D:8      | Identified the +4 rapier "Desiagus" {venom, Drain rPois
                  | MP+9 Stlth+}
 10756 | D:8      | Reached skill level 5 in Fighting
 11230 | D:9      | Found a runed translucent gate.
 11230 | D:9      | Found a runed translucent gate.
 11230 | D:9      | Found a runed translucent gate.
 11256 | D:9      | Reached XP level 10. HP: 62/81 MP: 24/25
 11713 | D:9      | Paralysed by a hornet for 3 turns
 12608 | D:9      | Noticed laros's ghost (novice MiBe)
 12825 | D:10     | Entered Level 10 of the Dungeon
 13917 | D:10     | Noticed Psyche
 14133 | D:10     | Killed Psyche
 14719 | D:11     | Reached XP level 11. HP: 79/89 MP: 28/28
 14856 | D:11     | Found a staircase to the Lair.
 15180 | D:11     | Noticed a two-headed ogre
 15181 | D:11     | Noticed a two-headed ogre
 15199 | D:11     | Killed a two-headed ogre
 15201 | D:11     | Killed a two-headed ogre
 15231 | D:11     | Reached skill level 10 in Conjurations
 15572 | D:11     | You are sucked into a shaft and drop 2 floors!
 15572 | D:13     | Found Zuiku's Antique Armour Shop.
 15575 | D:13     | Bought a pair of embroidered gloves for 240 gold pieces
 15648 | D:13     | Found Japsol's Self-Improvement Boutique.
 15765 | D:13     | Noticed a boulder beetle
 15769 | D:13     | Noticed a deep elf zephyrmancer
 15941 | D:12     | Noticed a boulder beetle
 15946 | D:12     | Found a staircase to the Orcish Mines.
 15956 | D:12     | Killed a boulder beetle
 16246 | D:11     | Learned a level 4 spell: Hailstorm
 16251 | D:11     | Learned a level 4 spell: Iskenderun's Mystic Blast
 16698 | Lair:1   | Entered Level 1 of the Lair of Beasts
 16833 | Lair:1   | Found a gate leading to a gauntlet.
 16839 | Gauntlet | Entered a Gauntlet
 16839 | Gauntlet | Noticed a wizard
 16839 | Gauntlet | Found a transporter.
 16839 | Gauntlet | Found a transporter.
 16855 | Gauntlet | Found a transporter.
 16859 | Gauntlet | Found a transporter.
 16861 | Gauntlet | Found a large runed translucent door.
 16862 | Gauntlet | Found a large runed translucent door.
 16863 | Gauntlet | Found a large runed translucent door.
 16863 | Gauntlet | Found a large runed translucent door.
 16863 | Gauntlet | Found a runed translucent door.
 16863 | Gauntlet | Found a runed translucent door.
 16864 | Gauntlet | Found a large runed translucent door.
 16865 | Gauntlet | Found a large runed translucent door.
 16866 | Gauntlet | Found a large runed translucent door.
 16866 | Gauntlet | Found a large runed translucent door.
 16867 | Gauntlet | Found a runed translucent gate.
 16867 | Gauntlet | Found a runed translucent gate.
 16867 | Gauntlet | Found a runed translucent gate.
 16869 | Gauntlet | Found a transporter.
 16873 | Gauntlet | Found a transporter.
 16887 | Gauntlet | Found a transporter.
 16904 | Gauntlet | Noticed a blizzard demon
 16912 | Gauntlet | Found a transporter.
 16912 | Gauntlet | Noticed a fire crab
 16915 | Gauntlet | Found a large runed translucent door.
 16915 | Gauntlet | Found a large runed translucent door.
 16916 | Gauntlet | Found a large runed translucent door.
 16917 | Gauntlet | Found a large runed translucent door.
 16918 | Gauntlet | Found a large runed translucent door.
 16918 | Gauntlet | Found a large runed translucent door.
 16919 | Gauntlet | Found a large runed translucent door.
 16920 | Gauntlet | Found a large runed translucent door.
 16926 | Gauntlet | Found a transporter.
 16926 | Gauntlet | Found a transporter.
 16974 | Gauntlet | Found a transporter.
 16989 | Gauntlet | Found a transporter.
 17064 | Gauntlet | Learned a level 4 spell: Fulminant Prism
 17078 | Gauntlet | Killed a wizard
 17164 | Gauntlet | Reached skill level 10 in Spellcasting
 17393 | Gauntlet | Noticed a minotaur
 17406 | Gauntlet | Killed a minotaur
 17426 | Gauntlet | Identified the +2 cloak of Ewudwix {rN+}
 17547 | Lair:1   | You are sucked into a shaft and drop 1 floor!
 17593 | Lair:2   | Identified 2 scrolls of acquirement
 17615 | Lair:2   | Acquired 1007 gold pieces
 17617 | Lair:2   | Acquired the amulet "Pekir" {Reflect rN++ Str+3 SH+5}
 17813 | Lair:2   | Identified the +0 leather armour of Mirth {Int+2}
 18226 | Lair:2   | Reached XP level 12. HP: 93/100 MP: 18/31
 18913 | Lair:3   | Found a staircase to the Snake Pit.
 19310 | Lair:3   | Found a staircase to the Swamp.
 19585 | Lair:3   | Noticed a boulder beetle
 19610 | Lair:3   | Killed a boulder beetle
 20286 | Lair:4   | Noticed Urug
 20537 | Lair:4   | Killed Urug
 21279 | Lair:4   | Found the +4 skin of Zhor {*Englaciate rC+++ SInv}
 21697 | Lair:5   | Entered Level 5 of the Lair of Beasts
 21947 | Lair:4   | Reached XP level 13. HP: 99/108 MP: 22/33
 23025 | Lair:5   | Found a staircase to the Slime Pits.
 23331 | Lair:5   | Found a large runed translucent door.
 23348 | Lair:5   | Found a large runed translucent door.
 26584 | D:12     | Noticed a frost giant
 26606 | D:12     | Identified the +7 quarterstaff of Ypuuvip {freeze, rPois}
 26624 | D:12     | Killed a frost giant
 26625 | D:12     | Reached XP level 14. HP: 34/118 MP: 1/35
 28117 | D:13     | Identified the +8 shortbow of the Brewing Gods {vorpal,
                  | +Blink rN+}
 28384 | D:13     | Found a gate to the Vaults.
 28391 | D:13     | Reached skill level 10 in Fighting
 28392 | D:13     | Reached skill level 10 in Dodging
 28734 | D:13     | Noticed Snorg
 29594 | D:13     | Killed Snorg
 29936 | D:14     | Noticed Nessos
 29942 | D:14     | Killed Nessos
 31070 | D:14     | Noticed Agnes
 31076 | D:14     | Killed Agnes
 31219 | D:13     | Reached skill level 15 in Conjurations
 31376 | D:14     | Reached XP level 15. HP: 92/128 MP: 16/38
 31905 | D:14     | Reached skill level 5 in Staves
 31905 | D:14     | Reached XP level 16. HP: 135/135 MP: 39/39
 31946 | D:15     | Entered Level 15 of the Dungeon
 32754 | D:15     | Found a portal to a secret trove of treasure.
 32906 | D:15     | Found a staircase to the Depths.
 33482 | Orc:1    | Entered Level 1 of the Orcish Mines
 34018 | Orc:2    | Entered Level 2 of the Orcish Mines
 34158 | Orc:2    | Found a staircase to the Elven Halls.
 34814 | Orc:2    | Identified the amulet "Riotomoy" {RegenMP SInv}
 35579 | Orc:2    | Identified the amulet "Mecimp" {Reflect Contam rElec Will+
                  | SH+5}
 36149 | Orc:2    | Found Duileeme's Book Shop.
 36273 | Orc:2    | Found Poutew's General Store.
 36273 | Orc:2    | Found Panlol's Antique Armour Boutique.
 36278 | Orc:2    | Found Tykuwku's Antique Weapon Shop.
 36282 | Orc:2    | Bought a pair of ichor-stained gloves for 342 gold pieces
 36282 | Orc:2    | Identified the +0 pair of gloves of Seef {Stlth+} (You
                  | bought it in a shop on level 2 of the Orcish Mines)
 36285 | Orc:2    | Bought a book of Armaments for 468 gold pieces
 36285 | Orc:2    | Bought a book of Storms for 416 gold pieces
 36291 | Orc:2    | Learned a level 5 spell: Lightning Bolt
 36529 | Swamp:1  | Entered Level 1 of the Swamp
 36748 | Swamp:1  | Noticed Frances
 36915 | Swamp:1  | Killed Frances
 38385 | Swamp:1  | Learned a level 3 spell: Stone Arrow
 42262 | Swamp:4  | Entered Level 4 of the Swamp
 42425 | Swamp:4  | Reached skill level 10 in Staves
 43110 | Swamp:4  | Reached XP level 17. HP: 146/146 MP: 17/40
 44721 | Swamp:4  | Reached skill level 1 in Evocations
 45011 | Swamp:4  | Paralysed by a hornet for 2 turns
 45659 | Swamp:4  | Got a decaying rune of Zot
 45831 | Snake:1  | Entered Level 1 of the Snake Pit
 46041 | Snake:1  | Noticed Azrael
 46051 | Snake:1  | Killed Azrael
 46298 | Snake:1  | Noticed Louise
 46312 | Snake:1  | Killed Louise
 46726 | Snake:1  | Reached skill level 5 in Evocations
 46918 | Snake:1  | Noticed Rupert
 46929 | Snake:1  | Killed Rupert
 47200 | Snake:1  | Found Peavuter's Book Shop.
 47543 | Snake:2  | Reached skill level 1 in Earth Magic
 47842 | Snake:2  | Noticed Aizul
 48023 | Snake:2  | HP: 3/146 [salamander/+0 trident (12)]
 48405 | Snake:2  | Noticed Vashnia
 48419 | Snake:2  | Killed Vashnia
 48987 | Snake:2  | Killed Aizul
 48994 | Snake:2  | Reached skill level 5 in Earth Magic
 49300 | Snake:2  | Found Zosuvy's Jewellery Shop.
 49308 | Snake:2  | Bought the ring of the Coward {rElec rPois SInv} for 420
                  | gold pieces
 49308 | Snake:2  | Bought the ring "Teqeca" {MP+9 Str+5} for 412 gold pieces
 52094 | Snake:3  | Identified the +8 great sword "Miekhi Pobo" {vorpal, Str+7}
 52611 | Snake:3  | Reached XP level 18. HP: 151/154 MP: 20/41
 52620 | Snake:3  | Learned a level 8 spell: Lehudib's Crystal Spear
 53081 | Snake:4  | Entered Level 4 of the Snake Pit
 53291 | Snake:4  | Found a transporter.
 53294 | Snake:4  | Noticed Utsis's ghost (journeyman DsIE)
 53794 | Snake:4  | Reached skill level 10 in Earth Magic
 53989 | Snake:4  | Found a transporter.
 57208 | Snake:4  | Got a serpentine rune of Zot
 57500 | Vaults:1 | Entered Level 1 of the Vaults
 58777 | Vaults:1 | Identified the +7 arbalest of Wyibby {elec, rN+}
 58785 | Vaults:1 | You are sucked into a shaft and drop 1 floor!
 59354 | Vaults:1 | Acquired the ring of the Wild Haggis {rPois rF+++ rC-
                  | Will++ Stlth+}
 59484 | Vaults:1 | Found Semaas's Antique Armour Boutique.
 59828 | Vaults:1 | Found Epsucsil's Armour Emporium.
 59836 | Vaults:1 | Bought a +2 pair of gloves of strength for 408 gold pieces
 60230 | Vaults:1 | Reached skill level 15 in Earth Magic
 60237 | Vaults:1 | Reached XP level 19. HP: 141/160 MP: 3/42
 60825 | Vaults:1 | Found Oxif's Book Shop.
 60940 | Vaults:1 | Found Mynnomuf's Antique Armour Emporium.
 61184 | Vaults:2 | Found a staircase to the Crypt.
 61877 | Vaults:2 | Reached skill level 15 in Spellcasting
 63891 | Vaults:3 | Found Huguskou's Jewellery Shoppe.
 64887 | Vaults:3 | Found Ycetugei's Jewellery Emporium.
 64923 | Vaults:3 | Found Itemup's Distillery.
 64931 | Vaults:3 | Bought a potion of resistance for 110 gold pieces
 64931 | Vaults:3 | Bought a potion of resistance for 110 gold pieces
 64931 | Vaults:3 | Bought a potion of mutation for 88 gold pieces
 66616 | Vaults:4 | Found Oclocych's Magic Scroll Shoppe.
 67339 | Vaults:4 | Bought a scroll of teleportation for 42 gold pieces
 67339 | Vaults:4 | Bought a scroll of magic mapping for 105 gold pieces
 67339 | Vaults:4 | Bought a scroll of butterflies for 56 gold pieces
 67339 | Vaults:4 | Bought a scroll of poison for 56 gold pieces
 67417 | Vaults:4 | Found Veops's Weapon Shop.
 67601 | Vaults:4 | Learned a level 2 spell: Blink
 67628 | Vaults:4 | Reached XP level 20. HP: 158/168 MP: 0/45
 67899 | Vaults:4 | Learned a level 5 spell: Borgnjor's Vile Clutch
 69818 | Vaults:5 | Entered Level 5 of the Vaults
 70375 | Depths:1 | Entered Level 1 of the Depths
 70853 | Depths:1 | Identified the +9 dagger of the Depths {vorpal, *Rage rCorr
                  | Str+5 Dex+4}
 70868 | Depths:1 | Acquired a book of Annihilations
 71355 | Depths:1 | Identified the +2 scale mail of the Black Moon {rN+ Str+4}
 72143 | Depths:1 | Found a gateway to Hell.
 72350 | Depths:1 | Found a one-way gateway to a ziggurat.
 72369 | Depths:1 | Found Leofudat's Book Shoppe.
 72369 | Depths:1 | Found Usegok's Jewellery Boutique.
 72370 | Depths:1 | Found Luuxzur's Jewellery Boutique.
 72400 | Depths:1 | Found a one-way gate leading to the halls of Pandemonium.
 72827 | Depths:1 | Identified the +5 flail of Invincibility {flame, rElec
                  | SInv}
 74079 | Depths:1 | Noticed an ancient lich
 74091 | Depths:1 | Killed an ancient lich
 74552 | Depths:1 | Got the Discursus on Evil Rites
 74957 | Depths:2 | Reached XP level 21. HP: 172/174 MP: 34/48
 75053 | Depths:2 | Noticed a golden dragon
 75054 | Depths:2 | Killed a golden dragon
 75318 | Depths:2 | Noticed a caustic shrike
 75320 | Depths:2 | Killed a caustic shrike
 76839 | Depths:2 | Noticed Asterion
 76843 | Depths:2 | Killed Asterion
 76844 | Depths:2 | Found a one-way gate to the infinite horrors of the Abyss.
 77868 | Depths:3 | Noticed a juggernaut
 77872 | Depths:3 | Killed a juggernaut
 78281 | Depths:3 | Noticed a golden dragon
 78285 | Depths:3 | Killed a golden dragon
 78536 | Depths:3 | Noticed a caustic shrike
 78561 | Depths:3 | Noticed a caustic shrike
 78562 | Depths:3 | Noticed a caustic shrike
 78563 | Depths:3 | Noticed a caustic shrike
 78563 | Depths:3 | Noticed a caustic shrike
 78579 | Depths:3 | HP: 7/174 [deep troll (3)]
 78579 | Depths:3 | Killed from afar by a deep troll earth mage

Illustrated notes

Levels and vault maps discovered:
D:1:      psy_arrival_terrarium, layout_loops_ring,
          dreamdust_ecumenical_altar_drowned_temple, amcnicky_mini_pool_small,
          chequers_serial_rivers_micro_c
D:2:      layout_loops_corners, serial_shops, nicolae_shop_waterfront
D:3:      layout_basic, lemuel_blue_sif_altar, grunt_ministairs_5
D:4:      layout_cave_pools, general_overflow_altar,
          mainiacjoe_overflow_boulevard, minmay_temple_entry_waves,
          serial_column_ruins, column_ruins_circle_medium, column_ruins_grid_1,
          column_ruins_columns_corner, column_ruins_corridor_T,
          column_ruins_grid_3, ebering_ghost_inner_flame,
          nicolae_shop_dragon_depot, uniq_natasha
D:5:      layout_loops_ring, okawaru_trees_1, fedhas_altar_4, serial_rivers,
          chequers_serial_rivers_small_3, chequers_serial_rivers_marsh,
          chequers_serial_rivers_large_a, chequers_serial_rivers_room_a,
          uniq_duvessa
D:6:      layout_layer_cave, uniq_edmund
D:7:      layout_loops_ring, dreamdust_wishing_well, serial_bayou_pond_e,
          st_stairs_10, grunt_ogre_cave
D:8:      layout_rooms, nicolae_underground_beach
D:9:      layout_roguey, nicolae_overflow_crystal_walls, vehumet_altar_wand_db,
          mainiacjoe_overflow_chevrons, gammafunk_ghost_spectres
D:10:     layout_big_octagon, doesnt_xom_only_xom, uniq_psyche
D:11:     layout_basic, erik_lair_orcish_takeover
D:12:     minmay_twisted_water, layout_loops_cross
D:13:     minmay_swirls_squares, layout_basic,
          lightli_vaults_fourway_checkpoint, serial_aquarium,
          aquarium_bridge_long_separate [aquarium_subvault_bridge,
          aquarium_subvault_wall, aquarium_subvault_wall,
          aquarium_subvault_bridge, aquarium_subvault_window,
          aquarium_subvault_bridge], aquarium_window_corridor_2,
          aquarium_window_fake, aquarium_window_1, aquarium_view_2b,
          serial_shops, shop, grunt_decor_cap, nicolae_shop_self_help,
          uniq_snorg
D:14:     layout_long_grid, nicolae_dithmenos_shadow_blocks,
          grunt_ministairs_10, chequers_decorated_corner,
          dreamdust_mushroom_princess, kennysheep_generic_room_12, uniq_nessos,
          uniq_agnes
D:15:     grunt_enter_depths_giant_problem, layout_basic, enter_trove_6,
          lemuel_round_altar, serial_corexii_hall, corexii_hall_statues_u,
          chequers_hall_statues_y, corexii_hall_statues_deadend
Lair:1:   layout_regular_city, gauntlet_entry_generic
Lair:2:   layout_hall_layers, grunt_forest_large_clearings,
          serial_bayou_shore_b, grunt_megastairs_5
Lair:3:   layout_cave_pods, nicolae_swamp_entry_splash_gauntlet,
          guppyfry_snake_entry_island, portal_ice_cave_entry_ice_simulacra
Lair:4:   layout_misc_corridors, hellmonk_guarded_unrand_zhor, uniq_urug
Lair:5:   cheibrodos_lair_end_hotspot, layout_regular_city, slime_entry_1
Swamp:1:  layout_basic_swamp, hangedman_swamp_ruin_wall, uniq_frances
Swamp:2:  nicolae_swamp_tree_isthmus, layout_basic_swamp,
          evilmike_swamp_ruin_wall
Swamp:3:  layout_basic_swamp, evilmike_swamp_ruin_rubble_2
Swamp:4:  swamp_basic_johnstein, layout_basic_swamp, swamp_pool2,
          infiniplex_staircase_pool
Snake:1:  layout_onion, minmay_shop_star, lemuel_fruit_tree, uniq_azrael,
          uniq_louise, uniq_rupert
Snake:2:  layout_layer_cave, serial_shops, shop, grunt_megastairs_4, uniq_aizul,
          uniq_vashnia
Snake:3:  layout_layer_cave, serial_bayou_shore_b
Snake:4:  minmay_snake_end_coiled, layout_onion, gammafunk_ghost_arena
Orc:1:    layout_caves, minmay_orc_barracks, uniq_josephine
Orc:2:    st_orc_mages, layout_caves, minmay_orc_treasury
Vaults:1: nicolae_vaults_yaktaur_gun_rack, v_alt_pattern_6,
          ontoclasm_vaults_ligature, nicolae_vaults_c_with_doors,
          vaults_room_octagon, hangedman_vaults_maws,
          nicolae_vaults_diagonal_hallway_7, v_rooms_3,
          nicolae_vaults_diagonal_hallway_6, hangedman_vaults_river_flow,
          nicolae_vaults_little_squares_5, ontoclasm_vaults_decontamination,
          vaults_room_stairs_pillars, nicolae_vaults_diagonal_hallway_8,
          nicolae_vaults_mini_display_case, layout_vaults_ring, serial_shops,
          nicolae_shop_temple_entry_statues_fountains, shop_fountains, shop,
          shop
Vaults:2: hangedman_vaults_restitches, hangedman_vaults_cutoff,
          minmay_crypt_entry_necro_gods, vaults_dpeg_emergency_exit,
          nicolae_vaults_specimen_jars, ontoclasm_vaults_shuriken,
          nicolae_vaults_shelves_hall, nicolae_vaults_ring_of_whatevers,
          layout_vaults_omnigrid
Vaults:3: v_misc_4, ontoclasm_vaults_gateway, v_pattern_2,
          vaults_room_stairs_pillars, hangedman_vaults_stitches,
          vaults_dpeg_doors, v_misc_28, grunt_vaults_twisty,
          nicolae_vaults_three_branches, nicolae_vaults_little_squares_2,
          vaults_mumra_chevron_long, nicolae_vaults_statue_guard,
          ontoclasm_vaults_ring_square, layout_vaults_maze_snakey, serial_shops,
          shop, shop, shop
Vaults:4: nicolae_vaults_disjoint_gnomons, v_alt_pattern_1,
          nicolae_vaults_little_squares_1, dpeg_vaults_monster_box,
          ontoclasm_vaults_fault, vaults_dpeg_encased_lava, v_pattern_1,
          v_misc_17, vaults_mumra_minichess_inversion, special_room_vaults
          [special_room_orc], layout_vaults_big_room, serial_shops,
          shop_fountains, nicolae_shop_hallway_plus
Vaults:5: serial_shops, uniq_xtahua
Depths:1: evilmike_diamond_1, layout_cave_shapes, enter_ziggurat_b, pan_entry,
          hellmouth_1, special_room [special_room_morgue],
          lemuel_flamethrower_3, minmay_shop_grove
Depths:2: minmay_two_paths, layout_cave_pools, kennysheep_cluttered_room,
          pan_entry, marbit_kobold_abyss_entry, grunt_hell_horde, uniq_asterion
Depths:3: grunt_x_marks_the_spot, layout_cave_pools,
          pf_vacation_house_of_asmodeus, abyss_entry_glasseish,
          nicolae_gozag_conspicuous_consumption, beargit_elvish_explorers

Skill      XL: |  1  2  3  4  5  6  7  8  9 10 11 12 13 14 15 16 17 18 19 20 21 |
---------------+----------------------------------------------------------------+-----
Spellcasting   | 2 3 4 5 6 7 9 10 11 12 13 14 15 17 | 17.9
Dodging        | 2 3 4 5 6 7 8 9 10 12 | 12.0
Conjurations   | 4 5 6 8 9 11 12 13 15 16 17 18 | 18.4
Fighting       | 1 2 3 4 5 6 7 8 9 10 12 | 12.0
Stealth        | 2 3 |  3.0
Armour         | 3 |  3.0
Staves         | 5 10 12 | 12.0
Evocations     | 6 |  6.0
Earth Magic    | 9 15 16 17 18 | 18.4

Action                   |  1- 3 |  4- 6 |  7- 9 | 10-12 | 13-15 | 16-18 | 19-21 || total
-------------------------+-------+-------+-------+-------+-------+-------+-------++-------
Melee: Unarmed           |    22 |       |       |       |       |       |       ||    22
       Dagger            |       |     2 |    12 |       |       |       |       ||    14
       Rapier            |       |       |       |    20 |       |       |       ||    20
       Staff             |       |       |       |    70 |    87 |   238 |   369 ||   764
       Punch             |       |       |       |       |     2 |     1 |     5 ||     8
Throw: Dart              |     3 |     2 |     1 |     6 |       |       |       ||    12
       Throwing net      |       |       |       |     1 |       |       |       ||     1
 Cast: Magic Dart        |    91 |    49 |       |     4 |     1 |       |       ||   145
       Searing Ray       |     6 |    34 |   108 |   118 |     3 |    12 |       ||   281
       Dazzling Flash    |       |       |     5 |     5 |       |       |       ||    10
       Hailstorm         |       |       |       |    75 |   234 |   233 |    54 ||   596
       Iskenderun's Myst |       |       |       |    60 |   130 |   152 |    39 ||   381
       Fulminant Prism   |       |       |       |    14 |    37 |    11 |     2 ||    64
       Lightning Bolt    |       |       |       |       |       |   594 |    81 ||   675
       Stone Arrow       |       |       |       |       |       |   140 |       ||   140
       Lehudib's Crystal |       |       |       |       |       |       |   346 ||   346
Evoke: Wand              |       |       |       |    20 |    15 |     4 |    10 ||    49
       Box of beasts     |       |       |       |       |       |     1 |     1 ||     2
  Use: Scroll            |       |     7 |     7 |    11 |     8 |    18 |     8 ||    59
       Potion            |       |       |     4 |     6 |     1 |     9 |     5 ||    25
 Stab: Paralysed         |       |       |       |     5 |     9 |       |       ||    14
Armor: Robe              |     1 |     5 |       |       |       |       |       ||     6
       Ring mail         |       |     9 |   136 |   174 |       |       |       ||   319
       Animal skin       |       |       |       |    11 |    58 |   138 |   137 ||   344
       Swamp dragon scal |       |       |       |       |       |    57 |       ||    57
Dodge: Dodged            |    12 |    12 |   142 |   217 |    95 |   357 |   259 ||  1094
Block: Other             |       |       |       |    32 |    40 |   129 |    87 ||   288
       Reflection        |       |       |       |       |     5 |    20 |    14 ||    39
